 Dungeon Crawl Stone Soup version 0.30-a0-924-g0ad0bf95bc (webtiles) character file.

Game seed: 14737797920302281561

134533 ytrimaz the Shatterer (level 17, -4/201 HPs)
             Began as an Ogre Berserker on Mar 21, 2023.
             Was a High Priest of Trog.
             Slain by a swamp worm (19 damage)
             ... called by a spriggan druid
             ... on level 3 of the Swamp on Mar 22, 2023.
             The game lasted 00:51:32 (33118 turns).

ytrimaz the Shatterer (Ogre Berserker)             Turns: 33118, Time: 00:51:33

Health: -4/201     AC: 14    Str: 30    XL:     17   Next: 17%
Magic:  17/17      EV: 12    Int:  9    God:    Trog [*****.]
Gold:   1824       SH:  0    Dex: 12    Spells: 16/16 levels left

rFire   + . .      SeeInvis .    D - +0 giant spiked club (flame)
rCold   . . .      Faith    .    (shield currently unavailable)
rNeg    . . .      Spirit   .    I - +0 swamp dragon scales
rPois   +          Reflect  .    (helmet restricted)
rElec   .          Rampage  .    c - +1 cloak
rCorr   +                        (gloves unavailable)
Will    +....                    (boots unavailable)
Stlth   +                        r - amulet of regeneration
HPRegen 1.33/turn                M - +4 ring of protection
MPRegen 0.15/turn                V - ring of Xom's Sleight of Hands {Wiz rF+ rCorr Int+2}

@: studying Axes
A: large, unfitting armour, tough skin 1, talons 1, agile 1, wild magic 1
a: Renounce Religion, Berserk, Trog's Hand, Brothers in Arms


You were on level 3 of the Swamp.
You worshipped Trog.
Trog was extremely pleased with you.
You visited 5 branches of the dungeon, and saw 26 of its levels.
You also visited: Ossuary and Gauntlet.

You collected 2817 gold pieces.
You spent 993 gold pieces at shops.


Innate Abilities, Weirdness & Mutations

You are too large for most types of armour.
You have tough skin. (AC +1)
You have sharp toenails.
You are agile. (Dex +4, Str/Int -1)
Your spells are a little harder to cast, but a little more powerful.


   Skills:
 - Level 20.0 Fighting
 - Level 22.0 Maces & Flails
 + Level 10.1 Dodging


You had 16 spell levels left.
You didn't know any spells.
Your spell library was empty.

Inventory:

Hand Weapons
 w - a +0 giant club
   (You took it off an ogre on level 4 of the Dungeon)
 D - a +0 giant spiked club of flaming (weapon)
   (You took it off a two-headed ogre on level 8 of the Dungeon)
 E - a +10 antimagic giant spiked club
   (Trog gifted it to you on level 2 of the Swamp)
 F - a +2 dire flail of venom
   (You took it off an orc warrior on level 7 of the Dungeon)
 J - a +0 giant spiked club of chaos
   (You took it off an ogre on level 9 of the Dungeon)
 L - a +0 giant spiked club of draining
   (You took it off an ogre on level 1 of the Orcish Mines)
 Q - a +2 antimagic great mace
   (Trog gifted it to you on level 12 of the Dungeon)
Missiles
 f - 26 large rocks (quivered)
 y - 4 throwing nets
Armour
 c - a +1 cloak (worn)
   (You found it on level 1 of the Dungeon)
 p - +0 acid dragon scales
   (You found it on level 8 of the Dungeon)
 I - +0 swamp dragon scales (worn)
   (You found it on level 2 of the Swamp)
 K - a +2 troll leather armour
   (You bought it in a shop on level 2 of the Orcish Mines)
Jewellery
 l - an amulet of reflection
   (You found it on level 3 of the Dungeon)
 r - an amulet of regeneration (around neck)
   (You found it on level 15 of the Dungeon)
 z - a ring of flight
   (You found it on level 6 of the Dungeon)
 G - a ring of protection from fire
   (You found it on level 9 of the Dungeon)
 M - a +4 ring of protection (left hand)
   (You found it on level 3 of the Lair of Beasts)
 V - the ring of Xom's Sleight of Hands (right hand) {Wiz rF+ rCorr Int+2}
   (You found it in a Gauntlet)

   [ring of wizardry]

   It improves your spell success rate.
   Int:       It affects your intelligence (+2).
   rF:        It protects you from fire.
   rCorr:     It protects you from acid and corrosion.
Wands
 j - a wand of mindburst (13)
   (You took it off Ijyb on level 3 of the Dungeon)
 A - a wand of roots (15)
   (You took it off an orc on level 8 of the Dungeon)
 C - a wand of flame (42)
   (You took it off an orc wizard on level 8 of the Dungeon)
 H - a wand of digging (9)
   (You found it on level 10 of the Dungeon)
 N - a wand of charming (20)
   (You found it on level 2 of the Lair of Beasts)
 P - a wand of acid (2)
   (You found it on level 4 of the Lair of Beasts)
Scrolls
 a - 5 scrolls of butterflies
 b - 5 scrolls of fog
 e - 5 scrolls of enchant weapon
 g - 2 scrolls of magic mapping
 h - 7 scrolls of teleportation
 u - 2 scrolls of brand weapon
 B - a scroll of enchant armour
 R - a scroll of fear
 T - 6 scrolls of identify
Potions
 d - 2 potions of cancellation
 i - 12 potions of attraction
 k - 11 potions of curing
 m - a potion of berserk rage
 n - 2 potions of flight
 o - 3 potions of resistance
 q - 4 potions of might
 s - 3 potions of haste
 t - 2 potions of mutation
 v - a potion of invisibility
 O - 3 potions of lignification
Miscellaneous
 X - a condenser vane
   (You found it in a Gauntlet)

Dungeon Overview and Level Annotations

Branches:
Dungeon (15/15) Zot: 25721  Temple (0/1) D:4            Lair (5/5) D:9 Zot: 23191
  Swamp (3/4) Lair:2 Zot: 15473   Snake (0/4) Lair:3        Slime (1/5) Lair:4 Zot: 5998
    Orc (2/2) D:9 Zot: 8564     Elf (0/3) Orc:2        Vaults (0/5) D:13
 Depths (0/4) D:15        Ossuary (visited)         Gauntlet (visited)

Altars:
Cheibriados
Elyvilon
Gozag
Hepliaklqana
Kikubaaqudgha
Makhleb
Okawaru
Qazlal
Trog
Yredelemnul

Shops:
D:10 :   D:13 (   D:15 (:   Orc:2 *(([*

Portals:
Trove: D:12 (give 14 potions of heal wounds)

Annotations:
D:3 1 runed translucent door, DiggyJ's ghost, weakling OpCj
D:4 exclusion: moth of wrath
Lair:1 exclusion: oklob plant
Lair:4 exclusion: 2 oklob plants
Swamp:2 exclusions: oklob plant and oklob sapling

.♣...~~~♣.~...~.♣
~.~.~~~§~~~)♣..~♣♣
~~~~~...~♣~..♣♣..♣
§~..~~~...~~.~...♣
~~§.~..≈...§~~~~.♣
.~.......~.~~~~~~♣♣ ...
~~....<.<.(D~~..~~♣♣ ♣..♣
..........ww~♣..♣..♣♣...♣
.~...♣~~...@i~~.~.♣>♣...♣
.~..~.~~..(x.~§~~..♣§~..♣
~§...~....~..†~†~.~~~~~♣
..~..~§~i~..~..~~.♣~~~~♣
~~~♣...§~~~~.....<..~~.♣
~~..~~.~~~~~~~~~.~~~~~♣
~~~.~~~~~~~~§.~~§.♣♣
~~~~.~~~~~~~~~~...♣
~~~~~.~...~~...~~~~


You could see a bunyip, a swamp dragon, a spriggan rider, a spriggan druid and 2
swamp worms.


Message History

Unknown command.
Unknown command.
Unknown command.
The swamp worm fires a harpoon shot at you.
The harpoon shot hits you!
You stop ascending the stairs.
You are yanked forward by the harpoon shot.
The goliath frog barely misses you.
The swamp worm barely misses you. 😕 HP[-9]
You take 9 damage, and now have 183/201 hp.
Unknown command.
Unknown command.
The swamp dragon roars deafeningly!
You crush the swamp worm like a grape!!!
You burn the swamp worm.
You kill the swamp worm!
Trog accepts your kill.
The goliath frog hits you but does no damage. 😕 HP[+1] Unknown command.
You bludgeon the goliath frog!! You burn the goliath frog!
The goliath frog hits you!
You are splashed with acid.
You resist.
The spriggan rider hits you from afar with a +0 spear! 😕 HP[-28]
You take 28 damage, and now have 156/201 hp.
You hit the goliath frog but do no damage.
The goliath frog hits you!
You are splashed with acid.
You resist. 😮 HP[-11]
You take 11 damage, and now have 145/201 hp.
Unknown command.
You impale the goliath frog!! You burn the goliath frog.
You kill the goliath frog!
Trog accepts your kill. The spriggan rider barely misses you.
The swamp worm fires a harpoon shot at you.
The harpoon shot hits you!
You are yanked forward by the harpoon shot. 😮 HP[-12]
You take 12 damage, and now have 133/201 hp.
Unknown command.
You enter the shallow water. 😮 HP[+2]
You regained 2 hp, and now have 135/201 hp.
The bunyip claws you! x2; The bunyip claws you!!
* * * LOW HITPOINT WARNING * * *
The swamp worm misses you. The swamp worm bites you!
* * * LOW HITPOINT WARNING * * *
The swamp dragon barely misses you. The swamp dragon claws you!
* * * LOW HITPOINT WARNING * * *
The swamp dragon tramples you but does no damage. 😨 HP[-64]
You take 64 damage, and now have 71/201 hp.
MASSIVE DAMAGE!! (PAUSE)
The swamp dragon attacks as you move away!
The swamp dragon bites you.
* * * LOW HITPOINT WARNING * * *
The swamp dragon claws you but does no damage.
The swamp dragon tramples you.
* * * LOW HITPOINT WARNING * * *
The swamp worm bites you!
* * * LOW HITPOINT WARNING * * *
The swamp worm bites you!
* * * LOW HITPOINT WARNING * * *
You see here a stone. 😱 HP[-30]
You take 30 damage, and now have 41/201 hp.
The swamp worm attacks as you move away!
The swamp worm bites you but does no damage. x2
The spriggan rider hits you but does no damage. 😱 HP[+2]
You regained 2 hp, and now have 43/201 hp.
The swamp worm attacks as you move away!
The swamp worm closely misses you.
The swamp worm fires a harpoon shot at you.
The harpoon shot hits you!
* * * LOW HITPOINT WARNING * * *
You are yanked forward by the harpoon shot.
The swamp worm closely misses you.
The spriggan rider hits you from afar with a +0 spear!
* * * LOW HITPOINT WARNING * * *
The swamp worm bites you but does no damage. 😱 HP[-26]
You take 26 damage, and now have 17/201 hp.
Unknown command.
Blink to where?
Press: ? - help, Dir - move target
As you read the scroll of blinking, it crumbles to dust.
The swamp worm fires a harpoon shot at you.
The harpoon shot hits you!
* * * LOW HITPOINT WARNING * * *
You are yanked forward by the harpoon shot. 😱 HP[-15]
You take 15 damage, and now have 2/201 hp.
You feel much better. The bunyip barely misses you. x2
The bunyip closely misses you. The swamp worm bites you.
* * * LOW HITPOINT WARNING * * *
The spriggan rider hits you with a +0 spear!
* * * LOW HITPOINT WARNING * * *
The swamp worm bites you!!
You die...

Skill      XL: |  1  2  3  4  5  6  7  8  9 10 11 12 13 14 15 16 17 |
---------------+----------------------------------------------------+-----
Maces & Flails | 3 4 5 6 7 9 11 12 14 16 19 21 22 | 22.0
Fighting       | 5 6 8 9 11 13 15 17 19 20 | 20.0
Dodging        | 9 10 | 10.1

Action                     |  1- 3 |  4- 6 |  7- 9 | 10-12 | 13-15 | 16-18 || total
---------------------------+-------+-------+-------+-------+-------+-------++-------
  Melee: Mace              |    93 |   235 |   405 |    25 |       |       ||   758
         Punch             |       |     2 |     6 |       |       |       ||     8
         Dire flail        |       |       |       |   428 |   606 |       ||  1034
         Giant spiked club |       |       |       |   111 |   306 |   386 ||   803
         Giant club        |       |       |       |       |   143 |       ||   143
         Kick              |       |       |       |       |    56 |   132 ||   188
  Throw: Large rock        |     2 |     6 |     6 |     2 |     1 |       ||    17
 Invoke: Berserk           |     1 |     4 |     9 |    12 |     7 |     6 ||    39
         Trog's Hand       |       |     1 |     2 |     1 |     9 |     9 ||    22
         Brothers in Arms  |       |       |       |     1 |     1 |     2 ||     4
  Evoke: Wand              |       |     5 |       |       |       |       ||     5
    Use: Scroll            |     4 |     6 |     9 |     9 |    14 |     4 ||    46
         Potion            |       |       |       |     1 |     6 |     4 ||    11
   Stab: Sleeping          |     1 |       |     1 |       |       |       ||     2
 Armour: Animal skin       |    34 |   107 |   109 |       |       |       ||   250
         Steam dragon scal |       |       |    74 |       |       |       ||    74
         Acid dragon scale |       |       |    19 |   150 |       |       ||   169
         Troll leather arm |       |       |       |    26 |   455 |   124 ||   605
         Swamp dragon scal |       |       |       |       |       |    64 ||    64
  Dodge: Dodged            |    63 |   154 |   237 |   232 |   395 |   211 ||  1292
  Block: Other             |       |    29 |   125 |   139 |   264 |    50 ||   607
         Reflection        |       |       |     1 |    15 |    26 |       ||    42

Levels and vault maps discovered:
D:1:      dpeg_cavernosity, layout_basic, chequers_decorated_corner
D:2:      layout_basic, shapermc_ecumenical_altar_flowoftime, uniq_robin
D:3:      layout_loops_ring, grunt_gozag_statues,
          chequers_temple_overflow_statue_of_worship, gammafunk_ghost_grave,
          grunt_decor_resistance, uniq_ijyb
D:4:      layout_loops_ring, tgw_trog, minmay_temple_entry_nine_rooms,
          nicolae_ossuary_entry_plus, uniq_grinder
D:5:      wander_river, layout_basic, mainiacjoe_overflow_catch_the_wave
D:6:      layout_loops_ring
D:7:      layout_loops_ring, general_overflow_altar, uniq_maggie
D:8:      layout_cave_pools
D:9:      layout_long_grid, elyvilon_altar_1, bloody_makhleb, lair_entry_dummy,
          minmay_orc_entry_temple_small, nrook_mini_vaults,
          david_defended_altar_orc
D:10:     layout_rooms, mainiacjoe_overflow_cross_hatched,
          nicolae_shop_vocational, uniq_joseph
D:11:     layout_long_grid, uniq_erolcha
D:12:     layout_basic, enter_trove_0, kennysheep_dice
D:13:     layout_grid_maze, david_vaults_1, serial_shops, nicolae_stop_n_shop_2,
          gauntlet_entry_generic, roderic_lattice_a
D:14:     layout_gridville, roderic_lattice_octagonal_star,
          grunt_decor_arrowhead, dreamdust_princess_corridor, uniq_azrael
D:15:     grunt_enter_depths_magical_seal, layout_long_grid,
          nicolae_water_bricks, serial_shops, shop,
          nicolae_shop_overgrown_old_shop
Lair:1:   minmay_lair_oklob_tunnel, layout_chaotic_city, fungi_pond_lemuel,
          serial_bayou_shore_b
Lair:2:   layout_small_grid, palyth_hydra_swamp_entry
Lair:3:   layout_roguey, minmay_snake_entry_guardpost_medium,
          grunt_megastairs_4, infiniplex_staircase_pool
Lair:4:   layout_cave_pods, slime_entry_1, dpeg_oklob_1
Lair:5:   minmay_lair_end_frog_pond, layout_regular_city
Swamp:1:  layout_falls_marsh, evilmike_swamp_ruin_house_3
Swamp:2:  nicolae_swamp_phyte_club, layout_basic_swamp, serial_swamp_ruin,
          evilmike_swamp_ruin_house_4, evilmike_swamp_ruin_rubble_2
Swamp:3:  layout_falls_marsh, evilmike_swamp_ruin_house_6,
          infiniplex_staircase_pool_2, uniq_bai_suzhen
Slime:1:  layout_caves
Orc:1:    layout_caves, uniq_fannar
Orc:2:    st_orc_rangers, layout_diamond_mine, serial_shops, shop_fountains

Notes
Turn   | Place    | Note
-------+----------+-------------------------------------------
     0 | D:1      | ytrimaz the Ogre Berserker began the quest for the Orb.
     0 | D:1      | Reached XP level 1. HP: 24/24 MP: 1/1
     0 | D:1      | magus.rc [v1.9.6]
   449 | D:1      | Reached XP level 2. HP: 33/33 MP: 2/2
   456 | D:1      | Reached skill level 3 in Maces & Flails
  1082 | D:2      | Reached XP level 3. HP: 41/41 MP: 3/3
  1109 | D:2      | Reached skill level 5 in Fighting
  1139 | D:2      | Reached ** piety under Trog
  1317 | D:2      | Reached XP level 4. HP: 50/50 MP: 4/4
  1514 | D:2      | Found a faded altar of an unknown god.
  1696 | D:2      | Identified the +0 helmet of Evoconk {Drain rF+ rCorr SInv}
  1696 | D:2      | Noticed Robin
  1722 | D:2      | Killed Robin
  1732 | D:2      | HP: 13/52 [goblin/+0 dagger[Robin] (3)]
  1733 | D:2      | HP: 6/52 [hobgoblin[Robin] (3)]
  1739 | D:2      | HP: 7/52 [goblin/+0 dagger[Robin] (2)]
  1739 | D:2      | HP: 3/52 [goblin/+0 club[Robin] (4)]
  2140 | D:2      | Reached skill level 4 in Maces & Flails
  2140 | D:2      | Reached XP level 5. HP: 49/59 MP: 5/5
  2279 | D:3      | Found a runed translucent door.
  2282 | D:3      | Noticed DiggyJ's ghost (weakling OpCj)
  2332 | D:3      | Noticed Ijyb
  2346 | D:3      | Killed Ijyb
  2347 | D:3      | Reached skill level 6 in Fighting
  2496 | D:3      | Found an opulent altar of Gozag.
  2724 | D:3      | Found an iron altar of Okawaru.
  2724 | D:3      | Found a basalt altar of Yredelemnul.
  3079 | D:4      | Noticed a black bear
  3091 | D:4      | Killed a black bear
  3092 | D:4      | Reached XP level 6. HP: 68/68 MP: 6/6
  3177 | D:4      | Reached skill level 7 in Fighting
  3190 | D:4      | Found a staircase to the Ecumenical Temple.
  3246 | D:4      | Reached *** piety under Trog
  3288 | D:4      | Found a sand-covered staircase.
  3292 | Ossuary  | Entered an ossuary
  3409 | Ossuary  | Reached skill level 5 in Maces & Flails
  3885 | D:4      | Noticed Grinder
  3902 | D:4      | Paralysed by Grinder for 4 turns
  3908 | D:4      | Paralysed by Grinder for 5 turns
  3913 | D:4      | Killed Grinder
  3914 | D:4      | Reached skill level 8 in Fighting
  3914 | D:4      | Reached XP level 7. HP: 63/80 MP: 7/7
  4129 | D:4      | Reached skill level 6 in Maces & Flails
  4169 | D:4      | Noticed a moth of wrath
  4173 | D:4      | Found a bloodstained altar of Trog.
  4210 | D:4      | Reached **** piety under Trog
  4380 | D:4      | Reached skill level 9 in Fighting
  4503 | D:4      | Reached XP level 8. HP: 84/92 MP: 8/8
  4745 | D:5      | Entered Level 5 of the Dungeon
  5215 | D:5      | Found a hazy altar of Hepliaklqana.
  5233 | D:5      | Found an ancient bone altar of Kikubaaqudgha.
  5949 | D:6      | Reached skill level 10 in Fighting
  5949 | D:6      | Reached skill level 7 in Maces & Flails
  6609 | D:6      | Reached skill level 11 in Fighting
  6609 | D:6      | Reached XP level 9. HP: 105/105 MP: 9/9
  6911 | D:7      | Noticed Maggie
  6922 | D:7      | Killed Maggie
  6923 | D:7      | Reached skill level 8 in Maces & Flails
  6933 | D:7      | HP: 22/105 [poisoned by an orc warrior]
  6938 | D:7      | HP: 13/105 [poisoned by an orc warrior]
  7248 | D:7      | Reached skill level 12 in Fighting
  7827 | D:7      | Found a snail-covered altar of Cheibriados.
  8372 | D:7      | Reached skill level 9 in Maces & Flails
  8390 | D:7      | HP: 40/163 [killer bee (3)]
  8395 | D:7      | HP: 22/109 [poisoned by a killer bee]
  8403 | D:7      | HP: 18/109 [bullfrog (3)]
  8655 | D:8      | Reached skill level 13 in Fighting
  8899 | D:8      | Reached XP level 10. HP: 95/119 MP: 10/10
  9009 | D:8      | Noticed a two-headed ogre
  9019 | D:8      | Killed a two-headed ogre
  9087 | D:9      | Found a staircase to the Orcish Mines.
  9408 | D:9      | Found a staircase to the Lair.
  9446 | D:9      | Noticed a two-headed ogre
  9464 | D:9      | Killed a two-headed ogre
  9465 | D:9      | Reached skill level 14 in Fighting
  9465 | D:9      | Reached skill level 10 in Maces & Flails
  9777 | D:9      | Found a burning altar of Makhleb.
  9844 | D:9      | Found a white marble altar of Elyvilon.
 10383 | D:10     | Entered Level 10 of the Dungeon
 10841 | D:10     | Found Riet's Vocational Training.
 10842 | D:10     | HP: 41/184 [poisoned by a gnoll]
 10847 | D:10     | HP: 19/184 [poisoned by a gnoll]
 10852 | D:10     | HP: 10/184 [poisoned by a gnoll]
 10855 | D:10     | HP: 4/123 [poisoned by a gnoll]
 11199 | D:10     | Noticed Joseph
 11214 | D:10     | Reached skill level 15 in Fighting
 11231 | D:10     | HP: 45/186 [something (7)]
 11236 | D:10     | Reached skill level 11 in Maces & Flails
 11237 | D:10     | HP: 26/186 [something (6)]
 11238 | D:10     | Killed Joseph
 11239 | D:10     | Reached XP level 11. HP: 28/133 MP: 11/11
 11595 | D:10     | Found a stormy altar of Qazlal.
 12170 | Lair:1   | Entered Level 1 of the Lair of Beasts
 12243 | Lair:1   | Reached skill level 16 in Fighting
 12461 | Lair:1   | Identified the +3 ring mail of Wirghaergh {Harm rF+}
 12871 | Lair:1   | Noticed a death yak
 12871 | Lair:1   | Noticed a death yak
 12871 | Lair:1   | Noticed a death yak
 12872 | Lair:1   | Noticed a death yak
 12875 | Lair:1   | Noticed a death yak
 12908 | Lair:1   | HP: 32/136 [death yak (14)]
 12915 | Lair:1   | Killed a death yak
 13205 | Lair:1   | Killed a death yak
 13206 | Lair:1   | Reached skill level 12 in Maces & Flails
 13272 | Lair:1   | Noticed a death yak
 13292 | D:9      | Killed a death yak
 13411 | Lair:1   | Noticed a death yak
 13411 | Lair:1   | Noticed a death yak
 13430 | D:9      | Killed a death yak
 13431 | D:9      | Reached skill level 17 in Fighting
 13777 | D:9      | Killed a death yak
 13976 | Lair:1   | Noticed an oklob plant
 14131 | Lair:1   | Killed a death yak
 14322 | Lair:1   | Killed a death yak
 14323 | Lair:1   | Reached XP level 12. HP: 128/148 MP: 12/12
 14344 | Lair:1   | Killed a death yak
 14758 | Lair:2   | Noticed an eight-headed hydra
 14823 | Orc:1    | Entered Level 1 of the Orcish Mines
 15185 | Orc:1    | HP: 36/150 [troll[an orc warlord] (7)]
 15186 | Orc:1    | HP: 16/150 [troll[an orc warlord] (10)]
 15497 | Orc:1    | Noticed an orc warlord
 15511 | D:9      | Killed an orc warlord
 15512 | D:9      | Reached skill level 18 in Fighting
 15512 | D:9      | Reached skill level 13 in Maces & Flails
 16112 | Orc:1    | HP: 38/152 [orc/+0 war axe (4)]
 16118 | Orc:1    | HP: 26/152 [orc/+0 war axe (2)]
 16125 | Orc:1    | HP: 9/152 [ogre/+0 giant spiked club (17)]
 16365 | Orc:1    | Noticed Fannar
 16385 | Orc:1    | Killed Fannar
 16783 | Orc:2    | Entered Level 2 of the Orcish Mines
 17472 | Orc:2    | Found a staircase to the Elven Halls.
 17693 | Orc:2    | Found Poxir's Assorted Antiques.
 17871 | Orc:2    | Noticed a centaur warrior
 17880 | Orc:2    | HP: 57/229 [centaur (1)]
 17885 | Orc:2    | Killed a centaur warrior
 17886 | Orc:2    | Reached skill level 19 in Fighting
 17887 | Orc:2    | HP: 37/231 [orc warrior/bolt (11)]
 18051 | Orc:2    | Reached ***** piety under Trog
 18102 | Orc:2    | Reached skill level 14 in Maces & Flails
 18103 | Orc:2    | HP: 40/231 [orc warrior/+0 battleaxe (27)]
 18281 | Orc:2    | Reached XP level 13. HP: 83/163 MP: 13/13
 18734 | Orc:2    | HP: 37/165 [orc warrior/+0 battleaxe (18)]
 18735 | Orc:2    | HP: 6/165 [orc warrior/+0 battleaxe (32)]
 18741 | Orc:2    | HP: 57/247 [orc warrior/+0 broad axe (14)]
 18745 | Orc:2    | HP: 23/247 [orc warrior/+0 broad axe (27)]
 18882 | Orc:2    | Found Ihaq's Antique Armour Shop.
 18882 | Orc:2    | Found Ufeofet's Antique Weapon Emporium.
 18882 | Orc:2    | Found Gucim's Antique Weapon Shoppe.
 18886 | Orc:2    | Found Geol's Assorted Antiques.
 18891 | Orc:2    | Bought a pitted morningstar for 234 gold pieces
 18891 | Orc:2    | Identified the +1 morningstar of Defiance {distort, rElec}
                  | (You bought it in a shop on level 2 of the Orcish Mines)
 18898 | Orc:2    | Bought a shiny troll leather armour for 594 gold pieces
 18898 | Orc:2    | Bought a potion of heal wounds for 165 gold pieces
 18987 | Orc:2    | Reached skill level 20 in Fighting
 19708 | Lair:2   | HP: 29/165 [seven-headed hydra (13)]
 19710 | Lair:2   | Reached skill level 15 in Maces & Flails
 19739 | Lair:2   | HP: 58/247 [eight-headed hydra (10)]
 20389 | Lair:2   | Found a staircase to the Swamp.
 20675 | Lair:3   | Reached skill level 16 in Maces & Flails
 20774 | Lair:3   | Found a staircase to the Snake Pit.
 21012 | Lair:3   | Reached XP level 14. HP: 157/175 MP: 14/14
 21512 | Lair:4   | Reached skill level 17 in Maces & Flails
 21827 | Lair:4   | Found a staircase to the Slime Pits.
 22519 | Slime:1  | Entered Level 1 of the Pits of Slime
 22548 | Lair:5   | Entered Level 5 of the Lair of Beasts
 22640 | Lair:5   | Received a gift from Trog
 22643 | Lair:5   | Reached skill level 18 in Maces & Flails
 22813 | Lair:5   | HP: 41/175 [skyshark (5)]
 22820 | Lair:5   | HP: 42/175 [skyshark (22)]
 22832 | Lair:5   | HP: 42/262 [cane toad (12)]
 22837 | Lair:5   | HP: 21/175 [poisoned by a cane toad]
 23372 | Lair:5   | Reached skill level 19 in Maces & Flails
 23388 | Lair:5   | Reached XP level 15. HP: 55/183 MP: 15/15
 23706 | Lair:5   | Identified the +11 hand axe of the Sneaky Visions {flame,
                  | Will++ Int+2}
 23707 | Lair:5   | magus.rc [v1.9.6]
 24732 | D:11     | Noticed Erolcha
 24734 | D:11     | Killed Erolcha
 25113 | D:12     | Received a gift from Trog
 25336 | D:12     | Reached skill level 20 in Maces & Flails
 25551 | D:12     | Found a portal to a secret trove of treasure.
 25563 | D:12     | This trove needs 14 potions of heal wounds to function.
                  | Give it the items?
 25690 | D:12     | Gained mutation: You occasionally lose the ability to read
                  | scrolls when taking damage. [potion of mutation]
 25690 | D:12     | Gained mutation: You are vulnerable to cold. (rC-) [potion
                  | of mutation]
 25768 | D:12     | Lost mutation: You are vulnerable to cold. (rC-) [potion of
                  | mutation]
 25768 | D:12     | Lost mutation: You occasionally lose the ability to read
                  | scrolls when taking damage. [potion of mutation]
 25768 | D:12     | Gained mutation: You have sharp toenails. [potion of
                  | mutation]
 25768 | D:12     | Gained mutation: Your spells are a little harder to cast,
                  | but a little more powerful. [potion of mutation]
 25768 | D:12     | Gained mutation: You are agile. (Dex +4, Str/Int -1)
                  | [potion of mutation]
 25825 | D:12     | HP: 43/183 [skeletal warrior/+0 flail (17)]
 26273 | D:13     | Found Gurrire's Antique Weapon Shoppe.
 26298 | D:13     | Found a gate to the Vaults.
 26376 | D:13     | Identified the +5 long sword of Dikochumn {freeze, Fragile
                  | Str+5}
 26389 | D:13     | Found a gate leading to a gauntlet.
 26398 | Gauntlet | Entered a Gauntlet
 26398 | Gauntlet | Found a transporter.
 26405 | Gauntlet | Found a transporter.
 26408 | Gauntlet | Found a transporter.
 26421 | Gauntlet | Found a transporter.
 26422 | Gauntlet | Found a transporter.
 26426 | Gauntlet | Found a runed translucent door.
 26426 | Gauntlet | Found a runed translucent door.
 26432 | Gauntlet | Found a transporter.
 26450 | Gauntlet | Found a transporter.
 26461 | Gauntlet | Found a transporter.
 26472 | Gauntlet | Found a transporter.
 26484 | Gauntlet | Found a transporter.
 26486 | Gauntlet | Found a transporter.
 26487 | Gauntlet | Found a transporter.
 26506 | Gauntlet | Found a transporter.
 26509 | Gauntlet | Found a runed translucent door.
 26528 | Gauntlet | Found a transporter.
 26602 | Gauntlet | Paralysed by a floating eye for 2 turns
 26716 | Gauntlet | Identified the ring of Xom's Sleight of Hands {Wiz rF+
                  | rCorr Int+2}
 27142 | D:13     | Upgraded the game from 0.30-a0-920-g7493c07aab to
                  | 0.30-a0-924-g0ad0bf95bc
 27142 | D:13     | magus.rc [v1.9.6]
 27162 | D:13     | Received a gift from Trog
 27804 | D:13     | Reached skill level 21 in Maces & Flails
 28484 | D:14     | Reached XP level 16. HP: 91/192 MP: 16/16
 28699 | D:14     | Noticed Azrael
 28723 | D:14     | Killed Azrael
 29006 | D:15     | Entered Level 15 of the Dungeon
 29085 | D:15     | Found Opru's Antique Weapon Shoppe.
 29307 | D:15     | HP: 44/192 [skeletal warrior/+0 halberd (20)]
 29437 | D:15     | Found Gist's Book Boutique.
 29562 | D:15     | Found a staircase to the Depths.
 30363 | Swamp:1  | Entered Level 1 of the Swamp
 30376 | Lair:2   | Reached skill level 22 in Maces & Flails
 30379 | Lair:2   | Reached skill level 3 in Dodging
 30550 | Swamp:1  | Reached skill level 4 in Dodging
 30744 | Swamp:1  | Reached skill level 5 in Dodging
 30922 | Swamp:1  | Reached skill level 6 in Dodging
 31137 | Swamp:1  | HP: 42/192 [spriggan rider/+2 spear of flaming (15)]
 31485 | Swamp:2  | Noticed a thorn hunter
 31489 | Swamp:2  | Reached skill level 7 in Dodging
 31494 | Swamp:2  | Killed a thorn hunter
 31498 | Swamp:2  | Paralysed by a hornet for 3 turns
 31510 | Swamp:2  | Paralysed by a hornet for 2 turns
 31711 | Swamp:2  | Reached skill level 8 in Dodging
 31871 | Swamp:2  | Paralysed by a hornet for 3 turns
 31875 | Swamp:2  | Paralysed by a hornet for 2 turns
 31930 | Swamp:2  | Noticed a thorn hunter
 31940 | Swamp:2  | Killed a thorn hunter
 31953 | Swamp:2  | Received a gift from Trog
 31995 | Swamp:2  | Identified the +7 shortbow of Firubih {elec, Will+}
 32098 | Swamp:2  | HP: 41/192 [constriction (10)]
 32100 | Swamp:2  | HP: 20/192 [poisoned by a swamp dragon (blast of poison)]
 32105 | Swamp:2  | HP: 25/288 [poisoned by a swamp dragon (blast of poison)]
 32110 | Swamp:2  | HP: 25/288 [poisoned by a swamp dragon (blast of poison)]
 32115 | Swamp:2  | HP: 24/288 [poisoned by a hornet]
 32120 | Swamp:2  | HP: 30/192 [poisoned by a hornet]
 32125 | Swamp:2  | HP: 46/192 [tyrant leech (7)]
 32130 | Swamp:2  | HP: 14/192 [tyrant leech (29)]
 32462 | Swamp:2  | Reached skill level 9 in Dodging
 32462 | Swamp:2  | Reached XP level 17. HP: 141/201 MP: 17/17
 32510 | Swamp:3  | Noticed Bai Suzhen
 32548 | Swamp:2  | HP: 49/201 [alligator (10)]
 32553 | Swamp:2  | HP: 21/301 [alligator (8)]
 32755 | Swamp:2  | HP: 37/201 [eleionoma/spray of wooden splinters (35)]
 32996 | Swamp:2  | Killed Bai Suzhen
 32997 | Swamp:2  | Reached skill level 10 in Dodging
 33114 | Swamp:3  | HP: 41/201 [swamp worm[a spriggan druid] (11)]
 33116 | Swamp:3  | HP: 17/201 [spriggan rider/+0 spear (16)]
 33117 | Swamp:3  | HP: 2/201 [swamp worm/harpoon shot[a spriggan druid] (16)]
 33118 | Swamp:3  | Slain by a swamp worm

Vanquished Creatures
  Bai Suzhen (Swamp:2)
  2 thorn hunters (Swamp:2)
  An orc warlord (D:9)
  Azrael (D:14)
  3 eleionomae
  A minotaur (Gauntlet)
  6 bunyips
  4 shambling mangroves (Swamp:2)
  Fannar (Orc:1)
  14 hydras
  3 centaur warriors
  Erolcha (D:11)
  6 alligators
  2 boulder beetles
  A hell hog (Gauntlet)
  9 two-headed ogres
  A spriggan berserker (Swamp:1)
  22 death yaks
  3 skysharks
  10 skeletal warriors
  4 goliath frogs
  4 swamp dragons (Swamp:2)
  7 orc knights
  2 bog bodies
  A necromancer (D:15)
  A lindwurm (Lair:3)
  A wolf spider zombie (D:15)
  6 deep elf pyromancers
  2 deep elf zephyrmancers (D:15)
  4 orc sorcerers
  17 ugly things
  A centaur zombie (D:15)
  8 manticores
  Joseph (D:10)
  4 cyclopes (D:13)
  A naga mage (D:15)
  2 will-o-the-wisps
  An eye of devastation (Gauntlet)
  15 cane toads
  8 elephants
  A centaur skeleton (D:15)
  A black mamba (Lair:3)
  Maggie (D:7)
  2 unseen horrors
  A rime drake (Lair:3)
  A tengu conjurer (D:14)
  A freezing wraith (D:15)
  5 komodo dragons
  5 kobold demonologists
  10 trolls
  Grinder (D:4)
  A bloated husk (Swamp:1)
  5 polar bears
  8 tyrant leeches
  14 hornets
  A raiju (Gauntlet)
  12 dream sheep
  16 blink frogs
  A meliai zombie (D:15)
  2 centaur simulacra
  A vampire (D:13)
  5 slime creatures (D:12)
  4 spriggans (Swamp:1)
  4 fire elementals (D:14)
  A wraith (D:10)
  2 water elementals
  34 yaks
  3 wyverns
  4 steam dragons
  2 basilisks
  2 fire bats (Gauntlet)
  13 vampire mosquitoes
  8 swamp worms
  4 nagas (Lair:3)
  6 wargs
  2 acid dragons
  5 hell hounds
  10 water moccasins
  A floating eye (Gauntlet)
  An ice beast (D:6)
  A sky beast (D:7)
  33 orc warriors
  2 black bears
  10 ogres
  4 boggarts
  11 wolves
  22 centaurs
  A phantom (D:5)
  6 kobold brigands
  A gnoll sergeant (D:10)
  19 bullfrogs
  A scorpion (D:6)
  6 killer bees (D:7)
  7 howler monkeys
  2 electric eels
  3 jellies
  3 hounds
  13 orc priests
  6 iguanas
  Ijyb (D:3)
  11 orc wizards
  8 mummies (Ossuary)
  Robin (D:2)
  12 gnolls
  13 adders
  A shadow imp (D:6)
  3 white imps
  3 worms
  A dart slug (D:2)
  59 orcs
  9 ball pythons
  4 bats
  9 endoplasms
  3 giant cockroaches
  2 gnoll zombies (Ossuary)
  8 goblins
  13 hobgoblins
  4 jackals (D:3)
  27 kobolds
  5 quokkas
  2 frilled lizards (D:1)
  2 kobold zombies (Ossuary)
  4 orc zombies (Ossuary)
  10 rats
  A briar patch (Swamp:2)
750 creatures vanquished.

Vanquished Creatures (collateral kills)
  A spriggan berserker (Swamp:1)
  A hornet (Swamp:1)
  A spriggan (Swamp:1)
  A vampire (D:10)
  7 yaks (D:10)
  A swamp worm (Swamp:1)
12 creatures vanquished.

Vanquished Creatures (others)
  An ugly thing (D:14)
  2 bloated husks
  An orc wizard (D:7)
  A hobgoblin (D:2)
  5 demonic plants (D:14)
  3 foxfires (Swamp:3)
  45 fungi
  79 plants
137 creatures vanquished.

Grand Total: 899 creatures vanquished

Table legend:
 A = Non-vault XP
 B = Vault XP
 C = Vault XP percentage of total XP
 D = Non-vault monster count
 E = Vault monster count
 F = Vault count percentage of total count
                 A         B        C        D         E       F
            +---------+---------+-------+---------+---------+-------
      Total |  146249 |   45942 |  23.9 |     575 |     186 |  24.4
            +---------+---------+-------+---------+---------+-------
        D:1 |      23 |       8 |  25.8 |      14 |       4 |  22.2
        D:2 |      99 |      36 |  26.7 |      27 |      12 |  30.8
        D:3 |      49 |      36 |  42.4 |      13 |       1 |   7.1
        D:4 |     561 |     290 |  34.1 |      27 |       6 |  18.2
        D:5 |     415 |       0 |   0.0 |       4 |       0 |   0.0
        D:6 |     816 |       0 |   0.0 |      23 |       0 |   0.0
        D:7 |    1460 |     409 |  21.9 |      25 |       1 |   3.8
        D:8 |    1397 |       0 |   0.0 |      13 |       0 |   0.0
        D:9 |    6616 |     221 |   3.2 |      44 |       9 |  17.0
       D:10 |    3043 |     481 |  13.6 |      24 |       1 |   4.0
       D:11 |    5150 |     827 |  13.8 |      12 |       1 |   7.7
       D:12 |   13013 |     510 |   3.8 |      36 |       1 |   2.7
       D:13 |   10311 |    1066 |   9.4 |      21 |       2 |   8.7
       D:14 |    6571 |    2137 |  24.5 |      20 |       7 |  25.9
       D:15 |    7779 |    4804 |  38.2 |      18 |      10 |  35.7
     Lair:1 |    6116 |       0 |   0.0 |      15 |       0 |   0.0
     Lair:2 |    7966 |    2330 |  22.6 |      24 |       6 |  20.0
     Lair:3 |    8472 |    3903 |  31.5 |      22 |      18 |  45.0
     Lair:4 |   13322 |       0 |   0.0 |      43 |       0 |   0.0
     Lair:5 |   11779 |    9511 |  44.7 |      22 |      34 |  60.7
    Swamp:1 |   15896 |       0 |   0.0 |      33 |       0 |   0.0
    Swamp:2 |   16381 |    8363 |  33.8 |      31 |       6 |  16.2
    Swamp:3 |    1356 |       0 |   0.0 |       3 |       0 |   0.0
      Orc:1 |    2756 |     878 |  24.2 |      23 |       1 |   4.2
      Orc:2 |    4902 |    6268 |  56.1 |      38 |      39 |  50.6
    Ossuary |       0 |     151 | 100.0 |       0 |      16 | 100.0
   Gauntlet |       0 |    3713 | 100.0 |       0 |      11 | 100.0
            +---------+---------+-------+---------+---------+-------

Illustrated notes

Table legend:
 A = Kills in this place as a percentage of kills in the entire game.
 B = Kills by you in this place as a percentage of kills by you in the entire game.
 C = Kills by friends in this place as a percentage of kills by friends in the entire game.
 D = Other kills in this place as a percentage of other kills in the entire game.
 E = Experience gained in this place as a percentage of experience gained in the entire game.
 F = Experience gained in this place divided by the number of levels of this place that you have seen.
                   A       B       C       D       E      F
               +-------+-------+-------+-------+-------+----------------------
         Total | 100.0 | 100.0 | 100.0 |   N/A | 100.0 | 6864.0
       Dungeon |  49.4 |  49.1 |  66.7 |   N/A |  35.4 | 4541.9
          Lair |  24.2 |  24.6 |   0.0 |   N/A |  33.0 | 12679.8
         Swamp |   9.6 |   9.2 |  33.3 |   N/A |  21.9 | 13998.7
  Orcish Mines |  13.3 |  13.5 |   0.0 |   N/A |   7.7 | 7402.0
       Ossuary |   2.1 |   2.1 |   0.0 |   N/A |   0.1 | 151.0
      Gauntlet |   1.4 |   1.5 |   0.0 |   N/A |   1.9 | 3713.0
               +-------+-------+-------+-------+-------+----------------------

Table legend: (Time is in decaauts)
 A = Elapsed time spent in this place.
 B = Non-inter-level travel time spent in this place.
 C = Inter-level travel time spent in this place.
 D = Time resting spent in this place.
 E = Time spent auto-exploring this place.
 F = Levels seen in this place.
 G = Mean time per level.
                   A        B        C        D        E       F      G
               +--------+--------+--------+--------+--------+-----+--------+
         Total |  33007 |  31588 |   1419 |   5938 |  19426 |  28 | 1178.8 |
       Dungeon |  19354 |  18500 |    854 |   4068 |  11266 |  15 | 1290.3 |
          Lair |   6808 |   6490 |    318 |    440 |   4637 |   5 | 1361.6 |
         Swamp |   2525 |   2438 |     87 |    803 |   1093 |   3 |  841.7 |
    Slime Pits |      1 |      1 |      0 |      0 |      0 |   1 |    1.0 |
  Orcish Mines |   3436 |   3276 |    160 |    590 |   1883 |   2 | 1718.0 |
       Ossuary |    497 |    497 |      0 |      0 |    350 |   1 |  497.0 |
      Gauntlet |    383 |    383 |      0 |     36 |    196 |   1 |  383.0 |
               +--------+--------+--------+--------+--------+-----+--------+

Top non-repeatable levels by time:
     D:9: 3716 daAuts
   Orc:2: 2110 daAuts
  Lair:1: 1796 daAuts
     D:7: 1693 daAuts
 Swamp:2: 1608 daAuts
  Lair:5: 1543 daAuts
  Lair:2: 1530 daAuts
    D:13: 1526 daAuts
   Orc:1: 1325 daAuts
     D:2: 1253 daAuts
     D:4: 1231 daAuts
    D:12: 1208 daAuts
    D:15: 1164 daAuts
     D:5: 1143 daAuts
    D:10: 1095 daAuts
